 Dungeon Crawl Stone Soup version 0.29.0-4-gdea44cf6ec (webtiles) character file.

Game seed: 9823133106954567597

112 qw the Chopper (level 4, -5/35 HPs)
             Began as a Demonspawn Cinder Acolyte on Sept 9, 2022.
             Was a Priest of Ignis.
             Killed from afar by an orc wizard (6 damage)
             ... with a magic dart
             ... on level 3 of the Dungeon.
             The game lasted 00:01:01 (3414 turns).

qw the Chopper (Demonspawn Cinder Acolyte)          Turns: 3414, Time: 00:01:01

Health: -5/35      AC:  5    Str: 17    XL:     4   Next: 64%
Magic:  5/5        EV: 10    Int: 15    God:    Ignis [***...]
Gold:   118        SH:  0    Dex:  8    Spells: 5/5 levels left

rFire   + . .      SeeInvis .   Y - -1 hand axe (flame)
rCold   . . .      Faith    .   (no shield)
rNeg    . . .      Spirit   .   c - +0 ring mail
rPois   .          Reflect  .   (helmet restricted)
rElec   .          Harm     .   (no cloak)
rCorr   .          Rampage  .   (no gloves)
Will    .....                   (no boots)
Stlth   ..........              (no amulet)
HPRegen 0.11/turn               (no ring)
MPRegen 0.09/turn               (no ring)

@: confused
A: antennae 1, hooves 2
a: Renounce Religion, Fiery Armour, Foxfire Swarm, Rising Flame


You were on level 3 of the Dungeon.
You worshipped Ignis.
Ignis was most pleased with you.
You visited 1 branch of the dungeon, and saw 3 of its levels.

You collected 118 gold pieces.


Innate Abilities, Weirdness & Mutations

You have a pair of small antennae on your head.
You have hoof-like feet.


   Skills:
 - Level 3.0 Fighting
 + Level 4.6 Axes
 - Level 1.3 Dodging
 - Level 1.0 Spellcasting
 - Level 2.6 Fire Magic


You had 5 spell levels left.
You didn't know any spells.
Your spell library contained the following spells:

 Spells                   Type           Power      Damage    Failure   Level
 Scorch                   Fire           16%        2d6       22%         2

Inventory:

Hand Weapons
 Y - a -1 hand axe of flaming (weapon)
Armour
 c - a +0 ring mail (worn)
Jewellery
 a - a ring of magical power
Scrolls
 f - 2 scrolls of teleportation
Potions
 b - a potion of degeneration {unknown}
 e - a potion of resistance {unknown}
 h - 3 potions of heal wounds

Dungeon Overview and Level Annotations

Branches:
Dungeon (3/15)

Altars:


Message History

You hear some strange, mumbled words.
A magic dart appears from out of thin air!
The magic dart hits you.
You're too confused to attack without stumbling around!
There is a strange disturbance nearby!
Something hits you but does no damage.
You're too confused to attack without stumbling around!
There is a strange disturbance nearby!
You hear some strange, mumbled words.
You are more confused.
You're too confused to attack without stumbling around!
There is a strange disturbance nearby!
Something hits you.
You're too confused to attack without stumbling around!
There is a strange disturbance nearby!
You hear some strange, mumbled words.
You are more confused.
You're too confused to attack without stumbling around!
There is a strange disturbance nearby!
You hear some strange, mumbled words.
A magic dart appears from out of thin air!
The magic dart hits you.
You're too confused to attack without stumbling around!
There is a strange disturbance nearby!
Something hits you. Something hits you but does no damage.
You're too confused to attack without stumbling around!
There is a strange disturbance nearby!
Something hits you but does no damage.
You're too confused to attack without stumbling around!
There is a strange disturbance nearby!
Something hits you but does no damage. Something completely misses you.
You're too confused to attack without stumbling around!
There is a strange disturbance nearby!
Something completely misses you. Something hits you.
You're too confused to attack without stumbling around!
There is a strange disturbance nearby!
You hear some strange, mumbled words.
A magic dart appears from out of thin air!
The magic dart hits you.
You die...

######.#.##..#.###.#
. #.#.........[.#
....#.#.##........#
..................#
#####.#..._.......#
.....###.......##
................###
...................#
............)@...###
............{#####
.##....##...#
...........# ###
..#......)####.#
......##..%.....#
......##...####.#
................#
#...............#


There were no monsters in sight!

Vanquished Creatures
  2 adders
  4 gnolls (D:2)
  2 worms
  A dart slug (D:1)
  3 orcs (D:3)
  2 ball pythons
  A bat (D:1)
  3 endoplasms
  4 hobgoblins
  6 jackals (D:2)
  4 quokkas
  2 frilled lizards (D:1)
  3 goblins
  4 kobolds
  4 rats
45 creatures vanquished.

Notes
Turn   | Place    | Note
-------+----------+-------------------------------------------
     0 | D:1      | qw the Demonspawn Cinder Acolyte began the quest for the
                  | Orb.
     0 | D:1      | Reached XP level 1. HP: 18/18 MP: 2/2
     0 | D:1      | 0 ||| qw: Version: 0.1-a-113-g051387a
     0 | D:1      | 0 ||| qw: Game counter: 7277
     0 | D:1      | 0 ||| qw: Always use a shield: true
     0 | D:1      | 0 ||| qw: God list: Okawaru
     0 | D:1      | 0 ||| qw: Allow faded altars: false
     0 | D:1      | 0 ||| qw: Do Orc after D:15 true
     0 | D:1      | 0 ||| qw: Do second Lair branch before Depths: true
     0 | D:1      | 0 ||| qw: Lair rune preference: random
     0 | D:1      | 0 ||| qw: Plans: Normal
     0 | D:1      | 0 ||| PLANNING D:1-11
    65 | D:1      | 65 ||| Stepping ~*~*~tactically~*~*~ (stealth).
   127 | D:1      | 127 ||| Stepping ~*~*~tactically~*~*~ (stealth).
   222 | D:1      | Reached skill level 3 in Axes
   292 | D:1      | 292 ||| INVOKING Fiery Armour.
   310 | D:1      | 310 ||| Stepping ~*~*~tactically~*~*~ (stealth).
   342 | D:1      | Discovered your monstrous ancestry.
   342 | D:1      | Gained mutation: You have large cloven feet. [demonic
                  | ancestry]
   342 | D:1      | Reached XP level 2. HP: 17/24 MP: 3/3
   589 | D:1      | 589 ||| Stepping ~*~*~tactically~*~*~ (stealth).
   611 | D:1      | 611 ||| INVOKING Fiery Armour.
   905 | D:1      | 905 ||| Stepping ~*~*~tactically~*~*~ (stealth).
   908 | D:1      | 908 ||| Stepping ~*~*~tactically~*~*~ (stealth).
  1347 | D:1      | 1347 ||| UPGRADING to +0 leather armour.
  1357 | D:1      | 1357 ||| DROPPING +0 robe.
  1358 | D:1      | 1358 ||| READING scroll labelled POSYBLOALL.
  1359 | D:1      | 1359 ||| READING 2 scrolls labelled KUKHLO JEUL.
  1362 | D:1      | 1362 ||| READING scroll labelled SELOSHRU LONNU.
  1363 | D:1      | 1363 ||| READING scroll labelled SEIDIUSIRPH.
  1388 | D:2      | 1388 ||| INVOKING Fiery Armour.
  1390 | D:2      | 1390 ||| STAIRDANCE
  1675 | D:2      | 1675 ||| Stepping ~*~*~tactically~*~*~ (stealth).
  1688 | D:2      | 1688 ||| Stepping ~*~*~tactically~*~*~ (stealth).
  1815 | D:2      | 1815 ||| Stepping ~*~*~tactically~*~*~ (stealth).
  1824 | D:2      | Gained mutation: You have a pair of small antennae on your
                  | head. [demonic ancestry]
  1824 | D:2      | Reached XP level 3. HP: 29/29 MP: 4/4
  1907 | D:2      | 1907 ||| INVOKING Fiery Armour.
  1916 | D:2      | Reached skill level 4 in Axes
  1917 | D:2      | 1917 ||| Stepping ~*~*~tactically~*~*~ (stealth).
  1928 | D:2      | Reached skill level 1 in Dodging
  2034 | D:2      | 2034 ||| Stepping ~*~*~tactically~*~*~ (stealth).
  2038 | D:2      | 2038 ||| Stepping ~*~*~tactically~*~*~ (stealth).
  2113 | D:2      | 2113 ||| INVOKING Fiery Armour.
  2119 | D:2      | Gained mutation: You have hoof-like feet. [demonic
                  | ancestry]
  2119 | D:2      | Reached XP level 4. HP: 13/35 MP: 5/5
  2772 | D:2      | 2772 ||| UPGRADING to +0 ring mail.
  2782 | D:2      | 2782 ||| DROPPING +0 leather armour.
  2783 | D:2      | 2783 ||| READING scroll labelled NIC PIXZIU.
  2784 | D:2      | 2784 ||| READING scroll labelled QOUS ZEACI.
  2785 | D:2      | 2785 ||| READING scroll labelled LATUAPROM.
  2786 | D:2      | 2786 ||| DRINKING 2 green potions.
  2946 | D:3      | 2946 ||| Stepping ~*~*~tactically~*~*~ (stealth).
  3203 | D:3      | 3203 ||| Stepping ~*~*~tactically~*~*~ (stealth).
  3204 | D:3      | 3204 ||| Stepping ~*~*~tactically~*~*~ (stealth).
  3291 | D:3      | 3291 ||| Stepping ~*~*~tactically~*~*~ (stealth).
  3292 | D:3      | 3292 ||| Stepping ~*~*~tactically~*~*~ (stealth).
  3294 | D:3      | 3294 ||| Stepping ~*~*~tactically~*~*~ (stealth).
  3295 | D:3      | 3295 ||| Stepping ~*~*~tactically~*~*~ (stealth).
  3319 | D:3      | 3319 ||| Stepping ~*~*~tactically~*~*~ (stealth).
  3321 | D:3      | 3321 ||| Stepping ~*~*~tactically~*~*~ (stealth).
  3343 | D:3      | Found a faded altar of an unknown god.
  3380 | D:3      | 3380 ||| Stepping ~*~*~tactically~*~*~ (hiding).
  3381 | D:3      | 3381 ||| Stepping ~*~*~tactically~*~*~ (hiding).
  3382 | D:3      | 3382 ||| Stepping ~*~*~tactically~*~*~ (hiding).
  3409 | D:3      | HP: 4/35 [something/magic dart (6)]
  3413 | D:3      | HP: 1/35 [something (3)]
  3414 | D:3      | Killed from afar by an orc wizard

Levels and vault maps discovered:
D:1:      minmay_arrival_stone_box, layout_basic,
          nicolae_concentric_dashed_squares_wild, minmay_misc_feat_roman,
          st_stairs_5, minmay_misc_feat_tower, lemuel_another_geyser
D:2:      layout_loops_cross
D:3:      layout_basic, basic_ecumenical_altar

Skill      XL: |  1  2  3 |
---------------+----------+-----
Axes           | 3 4 |  4.6
Dodging        | 1 |  1.3
Fighting       | |  3.0
Spellcasting   | |  1.0
Fire Magic     | |  2.6

Action                   |  1- 3 |  4- 6 || total
-------------------------+-------+-------++-------
Melee: Hand axe          |   120 |    49 ||   169
       Kick              |    17 |     8 ||    25
       Punch             |     1 |       ||     1
Invok: Fiery Armour      |     5 |       ||     5
  Use: Scroll            |     4 |     3 ||     7
       Potion            |       |     1 ||     1
Armor: Robe              |    15 |       ||    15
       Leather armour    |    13 |       ||    13
       Ring mail         |       |    28 ||    28
Dodge: Dodged            |    77 |    19 ||    96

Table legend:
 A = Non-vault XP
 B = Vault XP
 C = Vault XP percentage of total XP
 D = Non-vault monster count
 E = Vault monster count
 F = Vault count percentage of total count
                 A         B        C        D         E       F
            +---------+---------+-------+---------+---------+-------
      Total |     160 |       1 |   0.6 |      44 |       1 |   2.2
            +---------+---------+-------+---------+---------+-------
        D:1 |      26 |       1 |   3.7 |      15 |       1 |   6.2
        D:2 |      96 |       0 |   0.0 |      17 |       0 |   0.0
        D:3 |      38 |       0 |   0.0 |      12 |       0 |   0.0
            +---------+---------+-------+---------+---------+-------
